 Dungeon Crawl Stone Soup version 0.26.1-11-gd32895ea62 (webtiles) character file.

Game seed: 8005173997427342183

13374 MisterFreud the Spry (level 11, -10/51 HPs)
             Began as a Felid Berserker on May 19, 2021.
             Was a High Priest of Trog.
             Mangled by a komodo dragon (29 damage)
             ... on level 6 of the Lair of Beasts.
             The game lasted 00:25:24 (19049 turns).

MisterFreud the Spry (Felid Berserker)             Turns: 19049, Time: 00:25:25

Health: -10/51     AC:  7    Str: 13    XL:     11   Next: 74%
Magic:  12/12      EV: 35    Int:  9    God:    Trog [*****.]
Gold:   1150       SH:  0    Dex: 26    Spells: 10/10 levels left
                                        Lives:  0   Deaths: 2

rFire    . . .     SeeInvis +     - Unarmed
rCold    + . .     Faith    .   (shield unavailable)
rNeg     . . .     Spirit   .   (armour unavailable)
rPois    .         Reflect  .   (helmet unavailable)
rElec    .         Harm     .   (cloak unavailable)
rCorr    .         Rampage  .   (gloves unavailable)
Will     +....                  (boots unavailable)
Stlth    ++++++....             s - amulet of the acrobat
HPRegen  0.17/turn              H - ring of Zezur {Dex+6 Slay+2}
MPRegen  0.13/turn              j - +4 ring of protection

@: quick
A: very small, no armour, no weapons or thrown items, stealth, claws 1, fangs 3,
see invisible, speed 1, shaggy fur 3, sharp paws
a: Renounce Religion, Berserk, Trog's Hand, Brothers in Arms


You were on level 6 of the Lair of Beasts.
You worshipped Trog.
Trog was extremely pleased with you.
You visited 2 branches of the dungeon, and saw 17 of its levels.
You also visited: Sewer and Bailey.

You collected 1150 gold pieces.

Inventory:

Jewellery
 i - an uncursed ring of ice
 j - a +4 ring of protection (right paw)
 l - a +6 ring of strength
 q - an uncursed ring of flight
 s - an amulet of the acrobat (around neck)
 E - a +6 ring of strength
 G - a +6 ring of dexterity
 H - the ring of Zezur (left paw) {Dex+6 Slay+2}
   (You found it on level 2 of the Lair of Beasts)

   [ring of dexterity]

   It affects your dexterity (+6).
   It affects your accuracy and damage with ranged weapons and melee attacks
   (+2).
 M - an uncursed ring of stealth
Wands
 t - a wand of random effects (18)
 v - a wand of digging (18)
 z - a wand of acid (14)
 A - a wand of flame (35)
 F - a wand of paralysis (19)
Scrolls
 a - 14 scrolls of teleportation
 b - a scroll of immolation
 f - 6 scrolls of remove curse
 o - 4 scrolls of fear
 p - 6 scrolls of fog
 u - 8 scrolls of magic mapping
 y - a scroll of blinking
 I - 3 scrolls of identify
Potions
 c - 9 potions of curing
 d - a potion of resistance
 e - 3 potions of degeneration
 g - 4 potions of might
 h - 3 potions of brilliance
 k - 5 potions of lignification
 m - 3 potions of invisibility
 n - 6 potions of haste
 r - 2 potions of heal wounds
 w - 4 potions of magic
 x - 4 potions of flight
 B - a potion of cancellation
 C - 2 potions of mutation
 D - a potion of berserk rage
 K - 3 potions of attraction
Miscellaneous
 J - a box of beasts


   Skills:
 - Level 8.0 Fighting
 - Level 16.0 Dodging
 - Level 12.0 Stealth
 + Level 14.7 Unarmed Combat
 - Level 6.0 Evocations


You had 10 spell levels left.
You didn't know any spells.
Your spell library was empty.

Dungeon Overview and Level Annotations

Branches:
Dungeon (11/15)            Temple (0/1) D:4            Lair (6/6) D:10
 Shoals (0/4) Lair:4       Spider (0/4) Lair:3        Slime (0/5) Lair:5
  Sewer (visited)          Bailey (visited)
    Orc: D:9-12

Altars:
Elyvilon
Fedhas
Gozag
Makhleb
Nemelex Xobeh
Uskayaw
Vehumet
Wu Jian
Xom
Yredelemnul
Zin
Jiyva

Shops:
D:7 =   D:8 ?

Portals:
Trove: D:10 (give horn of Geryon)
Gauntlet: Lair:6

Annotations:
D:6 1 runed translucent door
Lair:4 2 transporters, Odimp's ghost, journeyman KoWn
Lair:5 1 runed translucent door


Innate Abilities, Weirdness & Mutations

You cannot wear armour.
You are incapable of wielding weapons or throwing items.
Your paws allow you to move quietly. (Stealth)
You have sharp claws.
You have razor-sharp teeth.
You have supernaturally acute eyesight. (SInv)
You cover ground quickly.
Your thick and shaggy fur keeps you warm. (AC +3, rC+)
Your sharp claws are effective at attacking unaware monsters.


Message History

The komodo dragon misses you.
You scratch the komodo dragon.
The komodo dragon is moderately wounded.
You closely miss the komodo dragon. Your bite misses the komodo dragon.
The komodo dragon is moderately wounded.
The komodo dragon completely misses you.
You completely miss the komodo dragon.
The komodo dragon is moderately wounded.
The komodo dragon bites you!
You are too injured to fight recklessly!
You are too injured to fight recklessly!
You are too injured to fight recklessly!
There are monsters nearby!
You are too injured to fight recklessly!
Okay, then.
You scratch the komodo dragon but do no damage.
The komodo dragon is moderately wounded.
The komodo dragon bites you!!
Ouch! That really hurt!
You die...

. ....P........
..##.PP.........
................ .
..................
.P...............
##P....<........
#PP...........#
........†.##.#.
#.........@l.#
#....(............
.#................
..#...............
..................
...............!.
.................
...Y............


You could see an elephant (asleep) and a komodo dragon.

Vanquished Creatures
  A boulder beetle (Lair:4)
  2 two-headed ogres
  9 death yaks
  Nergalle (Lair:1)
  2 centaur zombies
  3 black mambas
  A centaur skeleton (D:10)
  10 cane toads
  Maggie (D:10)
  A rime drake (Lair:5)
  8 komodo dragons
  2 hornets
  4 trolls
  A wind drake (Lair:4)
  2 polar bears
  12 blink frogs
  5 wyverns
  4 basilisks
  40 yaks
  A steam dragon (D:9)
  3 orc warriors (Bailey)
  11 water moccasins
  2 eyes of draining (D:10)
  3 sky beasts
  2 phantoms
  3 black bears
  A necrophage (D:9)
  12 wolves
  3 ogres
  7 centaurs
  A big kobold (D:8)
  10 bullfrogs
  A gnoll sergeant (D:5)
  10 scorpions
  8 killer bees
  4 howler monkeys
  2 bullfrog zombies
  4 jellies
  3 orc priests
  8 hounds
  3 orc wizards
  3 iguanas
  Terence (D:3)
  15 worker ants
  3 hound zombies
  A howler monkey zombie (D:5)
  15 adders
  4 gnolls
  6 river rats (Sewer)
  2 shadow imps
  3 white imps
  An ufetubus (D:5)
  2 oozes
  An adder skeleton (D:10)
  5 worms
  5 leopard geckos
  31 orcs
  A ball python (Sewer)
  9 giant cockroaches
  8 hobgoblins
  19 jackals
  7 quokkas
  4 bats
  11 frilled lizards
  8 goblins
  22 kobolds
  A leopard gecko skeleton (D:5)
  9 rats
408 creatures vanquished.

Vanquished Creatures (collateral kills)
  A manticore (Lair:4)
  2 killer bees (D:8)
  A worker ant (D:8)
4 creatures vanquished.

Vanquished Creatures (others)
  5 dream sheep (Lair:5)
  An orc (D:9)
  20 fungi
  22 plants
48 creatures vanquished.

Grand Total: 460 creatures vanquished

Notes
Turn   | Place    | Note
-------+----------+-------------------------------------------
     0 | D:1      | MisterFreud the Felid Berserker began the quest for the
                  | Orb.
     0 | D:1      | Reached XP level 1. HP: 10/10 MP: 2/2
    55 | D:1      | Reached skill level 1 in Stealth
   300 | D:1      | Reached XP level 2. HP: 14/14 MP: 3/3
  1038 | D:2      | Reached XP level 3. HP: 16/17 MP: 4/4
  1050 | D:2      | Reached ** piety under Trog
  1306 | D:2      | Found an opulent altar of Gozag.
  1323 | D:2      | Found a sparkling altar of Nemelex Xobeh.
  1327 | D:2      | Found a blossoming altar of Fedhas.
  1841 | D:2      | Found an opulent altar of Gozag.
  1909 | D:3      | Reached XP level 4. HP: 20/21 MP: 5/5
  1938 | D:3      | Found a faded altar of an unknown god.
  1964 | D:3      | Noticed Terence
  1976 | D:3      | Killed Terence
  2370 | D:3      | Reached XP level 5. HP: 17/24 MP: 6/6
  2777 | D:4      | Reached skill level 5 in Stealth
  2808 | D:4      | Reached skill level 5 in Unarmed Combat
  3134 | D:4      | Reached skill level 5 in Dodging
  3137 | D:4      | Reached *** piety under Trog
  3171 | D:4      | Gained mutation: You are covered in thick fur. (AC +2)
                  | [Felid growth]
  3171 | D:4      | Reached XP level 6. HP: 28/28 MP: 7/7
  3433 | D:4      | Found a staircase to the Ecumenical Temple.
  3627 | D:5      | Entered Level 5 of the Dungeon
  3670 | D:5      | Reached skill level 6 in Dodging
  3860 | D:5      | Reached skill level 7 in Dodging
  3955 | D:5      | Reached XP level 7. HP: 31/31 MP: 8/8
  3957 | D:5      | Reached skill level 8 in Dodging
  4248 | D:5      | Found a shimmering altar of Xom.
  4344 | D:5      | Reached skill level 9 in Dodging
  4669 | D:5      | Found an ornate altar of the Wu Jian Council.
  4733 | D:5      | Reached skill level 10 in Dodging
  4886 | D:5      | Found a hide-covered altar of Uskayaw.
  5026 | D:5      | Found a glowing silver altar of Zin.
  5181 | D:6      | Found a radiant altar of Vehumet.
  5222 | D:6      | Reached **** piety under Trog
  5372 | D:6      | Found a burning altar of Makhleb.
  5414 | D:6      | Found a glowing drain.
  5435 | D:6      | Reached XP level 8. HP: 34/34 MP: 9/9
  5462 | Sewer    | Entered a sewer
  6259 | D:6      | Found a runed translucent door.
  6274 | D:6      | Found a runed translucent door.
  7421 | D:7      | Found Funef's Jewellery Boutique.
  7465 | D:7      | Reached skill level 5 in Fighting
  7487 | D:7      | Noticed a hornet
  7520 | D:6      | Killed a hornet
  7521 | D:6      | Reached XP level 9. HP: 7/40 MP: 10/10
  7926 | D:7      | Found a flagged portal.
  7943 | Bailey   | Entered a bailey
  8027 | Bailey   | Reached ***** piety under Trog
  8209 | Bailey   | Reached skill level 1 in Evocations
  8327 | Bailey   | Identified the +7 scimitar of the Final Decision {vorpal,
                  | SInv}
  8810 | D:7      | Found a basalt altar of Yredelemnul.
  8901 | D:8      | Noticed a two-headed ogre
  8916 | D:8      | Killed a two-headed ogre
  9051 | D:8      | Found Kilaegynn's Magic Scroll Emporium.
  9113 | D:8      | Noticed a troll
  9125 | D:8      | Killed a troll
  9126 | D:8      | Reached skill level 11 in Dodging
  9126 | D:8      | Reached XP level 10. HP: 12/45 MP: 11/11
 10635 | D:10     | Entered Level 10 of the Dungeon
 10653 | D:10     | Noticed a death yak
 10654 | D:10     | Noticed a death yak
 10667 | D:10     | Noticed a death yak
 10675 | D:10     | Killed a death yak
 10676 | D:10     | Reached skill level 5 in Evocations
 10680 | D:10     | Killed a death yak
 10681 | D:10     | Reached skill level 12 in Dodging
 10693 | D:10     | Killed a death yak
 10713 | D:10     | Reached skill level 10 in Unarmed Combat
 10713 | D:10     | Reached XP level 11. HP: 27/51 MP: 12/12
 10763 | D:10     | Found a staircase to the Lair.
 10953 | D:10     | Noticed a two-headed ogre
 10962 | D:10     | Killed a two-headed ogre
 11011 | D:10     | Found a portal to a secret trove of treasure.
 11332 | D:10     | Noticed Maggie
 11340 | D:10     | Killed Maggie
 11341 | D:10     | Reached skill level 13 in Dodging
 11520 | D:11     | Noticed a boulder beetle
 11590 | D:11     | Noticed a cyan ugly thing
 11641 | Lair:1   | Entered Level 1 of the Lair of Beasts
 11970 | Lair:1   | Reached skill level 14 in Dodging
 12393 | Lair:1   | Noticed Nergalle
 12403 | Lair:1   | Killed Nergalle
 12408 | Lair:1   | Gained mutation: Your thick and shaggy fur keeps you warm.
                  | (AC +3, rC+) [Felid growth]
 12408 | Lair:1   | Reached XP level 12. HP: 55/55 MP: 13/13
 12761 | Lair:1   | Found a white marble altar of Elyvilon.
 13087 | Lair:1   | Reached skill level 15 in Dodging
 14101 | Lair:2   | Got a steaming brass ring
 14189 | Lair:2   | Reached skill level 16 in Dodging
 14635 | Lair:3   | Found a hole to the Spider Nest.
 14765 | Lair:3   | Identified the ring of Zezur {Dex+6 Slay+2} (You found it
                  | on level 2 of the Lair of Beasts)
 15581 | Lair:3   | Reached skill level 10 in Stealth
 16099 | Lair:4   | Noticed a death yak
 16099 | Lair:4   | Noticed a death yak
 16099 | Lair:4   | Noticed a death yak
 16099 | Lair:4   | Noticed a death yak
 16099 | Lair:4   | Noticed a death yak
 16099 | Lair:4   | Noticed a death yak
 16118 | Lair:3   | Killed a death yak
 16124 | Lair:3   | Mangled by a death yak
 16125 | Lair:3   | Reached XP level 11. HP: -13/76 MP: 12/12
 16169 | Lair:3   | Killed a death yak
 16176 | Lair:3   | Killed a death yak
 16229 | Lair:4   | Killed a death yak
 16230 | Lair:4   | Reached XP level 12. HP: 55/55 MP: 13/13
 16235 | Lair:4   | Killed a death yak
 16382 | Lair:4   | Found a staircase to the Shoals.
 16601 | Lair:4   | HP: 4/82 [polar bear (3)]
 17084 | Lair:4   | Found a transporter.
 17089 | Lair:4   | Found a transporter.
 17090 | Lair:4   | Noticed Odimp's ghost (journeyman KoWn)
 17368 | Lair:4   | Noticed a boulder beetle
 17371 | Lair:4   | Killed a boulder beetle
 18162 | Lair:5   | Found a runed translucent door.
 18162 | Lair:5   | Found a viscous altar of Jiyva.
 18265 | Lair:5   | Found a staircase to the Slime Pits.
 18569 | Lair:5   | Found a shimmering altar of Xom.
 18749 | Lair:6   | Entered Level 6 of the Lair of Beasts
 18749 | Lair:6   | Found a gate leading to a gauntlet.
 18749 | Lair:6   | Noticed a death yak
 18749 | Lair:6   | Noticed a death yak
 18749 | Lair:6   | Noticed a death yak
 18749 | Lair:6   | Noticed a death yak
 18779 | Lair:5   | Killed a death yak
 19027 | Lair:5   | Mangled by a death yak
 19028 | Lair:5   | Reached XP level 11. HP: -7/76 MP: 12/12
 19049 | Lair:6   | Mangled by a komodo dragon

Illustrated notes

Levels and vault maps discovered:
D:1:      amcnicky_arrival_abandoned_market, layout_basic
D:2:      layout_rooms, minitemple, grunt_gozag_breadcrumbs
D:3:      layout_basic, chequers_ecumenical_altar_island, uniq_terence
D:4:      layout_loops_ring, minmay_temple_entry_grid, roderic_lattice_a
D:5:      minmay_spotlight, layout_loops_ring, lemuel_coloured_pillars_altar,
          nicolae_overflow_hidden_temple, old_standard_altar, zin_treasury
D:6:      lemuel_insect_pit, layout_loops_ring, vehumet_crystals,
          cheibrodos_sewer_entry_bend, hex_large, bloody_makhleb
D:7:      layout_cave_pools, lemuel_doored_altar, serial_shops, shop,
          enter_bailey_5
D:8:      layout_gridville, serial_shops, shop
D:9:      layout_rooms
D:10:     layout_roguey, dpeg_lair_monsters, enter_trove_1, minmay_diced_spiral,
          uniq_maggie
D:11:     layout_irregular_city, hangedman_abyss_or_decor_passed,
          kennysheep_windowed_goal
Lair:1:   layout_regular_city, lemuel_centaur_altar, grunt_megastairs_3,
          uniq_nergalle
Lair:2:   layout_concentric_octagons
Lair:3:   layout_small_grid, nicolae_spider_entry_non_spiders
Lair:4:   layout_roguey, minmay_shoals_entry_beasts, gammafunk_ghost_hive
Lair:5:   layout_hall_layers, slime_altar_2, kb_xom_exploding_sheep
Lair:6:   guppyfry_lair_end_dragon, layout_cave_pods,
          hangedman_lair_tendril_chambers, gauntlet_entry_generic

Skill      XL: |  1  2  3  4  5  6  7  8  9 10 11 12 |
---------------+-------------------------------------+-----
Stealth        | 1 2 3 4 5 8 12 | 12.0
Unarmed Combat | 4 5 7 8 10 12 14 | 14.7
Dodging        | 5 7 10 11 12 14 16 | 16.0
Fighting       | 5 6 7 8 |  8.0
Evocations     | 3 6 |  6.0

Action                   |  1- 3 |  4- 6 |  7- 9 | 10-12 || total
-------------------------+-------+-------+-------+-------++-------
Melee: Unarmed           |    94 |   162 |   474 |   868 ||  1598
       Bite              |     4 |    18 |    62 |   156 ||   240
       Punch             |       |     3 |    15 |    68 ||    86
Invok: Berserk           |     3 |     2 |     6 |    21 ||    32
       Trog's Hand       |       |       |     4 |    13 ||    17
       Brothers in Arms  |       |       |       |     4 ||     4
  Use: Scroll            |       |    10 |     7 |    15 ||    32
       Potion            |       |       |     3 |     2 ||     5
 Stab: Sleeping          |     7 |    17 |    12 |    32 ||    68
       Distracted        |     2 |     1 |     4 |     1 ||     8
Armor: Skin              |     4 |    11 |    25 |    33 ||    73
Dodge: Dodged            |    67 |   122 |   461 |   954 ||  1604
